Map: Dusk Towers

Players

MelloW (Nina)

  • Race: Protoss Protoss
  • League: Grandmaster

LiquidTLO (TLO) - Winner!

  • Race: Zerg Zerg
  • League: Grandmaster

Event: puCK vs TLO Bo9 (Matcherino)

VOD

https://www.youtube.com/watch?v=XtpL8wYVolg

Description

Time

  • Played on: Nov. 17, 2015, 12:28 p.m.
  • Length: 21:27

All games in this series

Show
View Real Time Build Order
Export as new Build Order

MelloW Protoss 

Build Orders: Nexus First 

Get SALT Encoding   

  12  0:05  Probe (Chrono Boost)  
  13  0:16  Probe (Chrono Boost)  
  13  0:19  Pylon  
  14  0:26  Probe (Chrono Boost)  
  15  0:37  Probe (Chrono Boost)  
  16  0:48  Probe (Chrono Boost)  
  17  0:59  Nexus  
  17  1:01  Probe (Chrono Boost)  
  18  1:14  Gateway  
  18  1:15  Probe (Chrono Boost)  
  19  1:23  Assimilator  
  20  1:25  Probe (Chrono Boost)  
  20  1:28  Assimilator  
  20  1:36  Probe (Chrono Boost)  
  20  1:38  Pylon  
  22  1:47  Probe (Chrono Boost)  
  22  1:58  Gateway  
  22  1:59  Probe (Chrono Boost)  
  23  2:03  Cybernetics Core  
  23  2:10  Probe (Chrono Boost)  
  23  2:15  Probe (Chrono Boost)  
  25  2:20  Probe (Chrono Boost)  
  26  2:26  Probe (Chrono Boost)  
  27  2:31  Probe (Chrono Boost)  
  27  2:35  Probe (Chrono Boost)  
  29  2:41  Probe (Chrono Boost), Adept (Chrono Boost)  
  29  2:43  Warp Gate  
  32  2:45  Adept (Chrono Boost)  
  32  2:47  Probe  
  35  2:53  Mothership Core (Chrono Boost)  
  37  2:59  Probe (Chrono Boost)  
  38  3:10  Sentry  
  39  3:13  Stalker, Probe (Chrono Boost)  
  39  3:14  Probe (Chrono Boost)  
  39  3:16  Pylon  
  44  3:24  Probe (Chrono Boost)  
  44  3:25  Probe (Chrono Boost)  
  46  3:35  Probe (Chrono Boost)  
  46  3:37  Probe (Chrono Boost), Nexus  
  48  3:45  Probe (Chrono Boost)  
  50  3:49  Probe (Chrono Boost)  
  50  3:54  Pylon  
  46  3:56  Probe (Chrono Boost)  
  46  3:57  Twilight Council  
  46  4:00  Probe (Chrono Boost)  
  48  4:06  Probe (Chrono Boost)  
  48  4:09  Gateway  
  49  4:10  Probe (Chrono Boost)  
  49  4:11  Gateway  
  49  4:14  Pylon  
  51  4:17  Probe (Chrono Boost)  
  51  4:21  Probe (Chrono Boost)  
  52  4:27  Probe (Chrono Boost)  
  52  4:28  Blink (Chrono Boost)  
  52  4:30  Probe (Chrono Boost)  
  53  4:32  Gateway  
  53  4:37  Phoenix  
  54  4:38  Gateway, Probe  
  54  4:39  Gateway  
  54  4:42  Assimilator  
  54  4:43  Assimilator  
  55  4:48  Probe, Robotics Facility  
  55  4:52  Probe  
  57  4:57  Probe  
  58  5:05  Stalker x2  
  58  5:07  Probe  
  63  5:09  Probe  
  63  5:11  Gateway  
  63  5:12  Probe, Gateway  
  65  5:19  Stalker, Probe  
  65  5:20  Probe  
  68  5:22  Probe  
  70  5:30  Stalker x2, Probe  
  70  5:31  Probe  
  70  5:33  Probe  
  77  5:39  Forge  
  77  5:41  Observer (Chrono Boost)  
  78  5:43  Stalker x2, Probe x2  
  78  5:48  Pylon  
  84  5:50  Pylon  
  85  5:57  Templar Archives  
  85  5:59  Assimilator  
  85  6:00  Assimilator  
  84  6:06  Probe, Resonating Glaives  
  84  6:07  Warp Prism (Chrono Boost)  
  84  6:09  Pylon  
  84  6:10  Adept x3  
  93  6:17  Adept x2  
  97  6:23  Pylon  
  97  6:27  Probe, Pylon  
  97  6:29  Probe  
  97  6:30  Adept x3  
  105  6:39  Adept x2  
  109  6:43  Pylon  
  109  6:44  Adept x2, Pylon  
  113  6:54  Pylon  
  113  6:56  Adept x2  
  113  6:57  Adept x3  
  113  7:00  Protoss Shields Level 1 (Chrono Boost)  
  123  7:12  Adept x4  
  131  7:26  Stalker x5  
  134  7:45  Stalker  
  134  7:46  Stalker x3  
  134  7:50  Stalker x3  
  148  7:52  Probe  
  148  7:55  Pylon x2  
  148  7:57  Pylon  
  149  7:59  Pylon  
  149  8:04  Robotics Bay  
  113  8:20  Stalker x3  
  113  8:21  Stalker  
  119  8:31  Stalker x5  
  129  8:44  Stalker x4, Protoss Shields Level 2 (Chrono Boost)  
  129  8:47  Disruptor  
  140  9:01  Nexus  
  140  9:05  Pylon x2  
  140  9:06  Stalker  
  142  9:10  Pylon  
  142  9:22  Robotics Facility  
  142  9:25  Disruptor  
  145  9:36  Stalker x4  
  145  9:37  Stalker x3  
  158  9:49  Robotics Facility  
  158  9:56  Stargate  
  158  10:00  Disruptor  
  158  10:05  Photon Cannon  
  158  10:06  Stalker x4  
  169  10:20  Stalker x3, Photon Cannon  
  175  10:22  Photon Cannon  
  175  10:28  Assimilator  
  175  10:30  Pylon  
  175  10:31  Pylon  
  175  10:43  Protoss Ground Weapons Level 1 (Chrono Boost)  
  167  10:51  Stalker x5  
  167  10:52  Stalker x2  
  179  11:00  Assimilator  
  179  11:01  Observer (Chrono Boost)  
  182  11:07  Disruptor (Chrono Boost)  
  167  11:20  Disruptor (Chrono Boost)  
  167  11:23  Stalker  
  167  11:24  Stalker x3  
  136  11:49  Stalker x4  
  106  12:09  Stalker x4  
  106  12:10  Stalker  
  106  12:15  Mothership Core  
  111  12:20  Robotics Facility  
  111  12:21  Stalker x3  
  111  12:22  Stalker  
  117  12:23  Robotics Facility  
  117  12:24  Oracle  
  104  12:45  Stalker x2  
  104  12:46  Stalker x6  
  104  12:47  Stalker  
  111  12:57  Probe  
  109  12:59  Probe x2  
  109  13:00  Probe  
  112  13:09  Probe x3  
  115  13:13  Stalker x4  
  115  13:17  Protoss Ground Weapons Level 2  
  126  13:22  Probe, Disruptor (Chrono Boost)  
  126  13:23  Probe  
  126  13:26  Oracle (Chrono Boost)  
  127  13:27  Probe  
  127  13:29  Probe  
  129  13:53  Dark Shrine  
  129  13:54  Disruptor (Chrono Boost)  
  132  13:56  Stalker x3  
  132  13:57  Adept  
  140  14:14  Oracle (Chrono Boost)  
  143  14:26  Stalker x2  
  143  14:27  Stalker  
  143  14:29  Observer (Chrono Boost)  
  150  14:34  Robotics Facility  
  150  14:35  Photon Cannon  
  150  14:46  Pylon  
  150  14:52  Nexus, High Templar x4  
  156  14:53  High Templar x3  
  156  14:55  High Templar  
  156  14:56  Archon  
  156  14:57  Archon x2  
  166  15:00  Archon  
  166  15:09  Photon Cannon  
  166  15:11  Oracle  
  166  15:12  Pylon x2  
  168  15:25  Disruptor (Chrono Boost)  
  174  15:29  Disruptor (Chrono Boost)  
  174  15:37  Nexus  
  174  15:39  Stalker x3  
  174  15:40  Stalker x3  
  183  15:56  Observer (Chrono Boost)  
  184  15:59  Nexus  
  184  16:02  Stalker x5  
  165  16:35  Stalker  
  165  16:36  Stalker x6  
  133  16:57  Photon Cannon x2  
  133  16:59  Dark Templar, Pylon  
  135  17:13  Stalker  
  135  17:14  Stalker x3  
  143  17:21  Photon Cannon  
  143  17:27  Probe  
  142  17:33  Pylon  
  141  17:39  Dark Templar x2  
  142  18:15  Nexus  
  142  18:20  High Templar x2  
  142  18:21  Pylon, High Templar x2  
  142  18:25  Archon x2  
  150  18:32  Stalker  
  150  18:33  Stalker  
  154  18:40  Observer (Chrono Boost)  
  156  18:42  Observer (Chrono Boost)  
  156  18:47  Photon Cannon  
  156  18:50  Photon Cannon  
  156  19:01  Immortal (Chrono Boost)  
  164  19:17  Immortal (Chrono Boost), Archon  
  164  19:19  Dark Templar  
  166  19:30  Dark Templar  
  166  19:33  Archon  
  170  19:38  Immortal (Chrono Boost)  
  170  19:47  Adept x2  
  170  19:52  Assimilator x2  
  174  20:01  Immortal (Chrono Boost)  
  178  20:08  Dark Templar x2  
  181  20:29  Dark Templar x2  
  181  20:36  Immortal (Chrono Boost)  
  181  20:39  Stalker  
  127  21:07  Stalker x2  
  127  21:08  Stalker x2  
Show
View Real Time Build Order
Export as new Build Order

LiquidTLO Zerg - Winner!

Build Orders: Hatch First, Lurkers 

Get SALT Encoding   

  12  0:00  Drone  
  13  0:12  Overlord  
  13  0:17  Drone  
  14  0:31  Drone x2  
  16  0:49  Hatchery  
  15  0:53  Drone  
  16  0:58  Drone  
  17  1:09  Spawning Pool  
  16  1:12  Drone  
  16  1:17  Drone  
  18  1:36  Hatchery  
  17  1:40  Drone  
  17  1:42  Drone  
  17  1:46  Drone  
  20  1:56  Queen  
  22  2:03  Queen  
  22  2:07  Drone  
  25  2:11  Overlord  
  25  2:17  Drone x2  
  25  2:19  Zergling x2  
  28  2:30  Drone  
  28  2:31  Drone  
  28  2:33  Queen  
  32  2:39  Queen  
  34  2:46  Drone x2  
  34  2:50  Queen  
  38  2:54  Zergling x4  
  38  2:56  Zergling x2  
  41  3:00  Overlord  
  41  3:02  Drone  
  42  3:16  Overlord  
  42  3:19  Drone x5  
  48  3:20  Drone  
  48  3:21  Extractor x2  
  48  3:23  Drone  
  48  3:24  Drone  
  48  3:26  Drone  
  49  3:29  Drone  
  50  3:36  Drone  
  50  3:37  Drone  
  50  3:39  Drone  
  50  3:40  Drone  
  54  3:43  Drone  
  54  3:46  Drone  
  56  3:49  Drone  
  56  3:50  Drone  
  56  3:54  Overlord  
  57  3:59  Overlord, Drone  
  58  4:03  Spore Crawler  
  58  4:04  Drone  
  58  4:05  Spore Crawler  
  58  4:06  Drone  
  58  4:09  Overlord  
  58  4:10  Spore Crawler  
  58  4:11  Drone  
  58  4:13  Drone x2  
  58  4:15  Drone x2  
  62  4:17  Drone  
  62  4:23  Drone x2  
  65  4:25  Evolution Chamber, Drone  
  65  4:27  Evolution Chamber  
  65  4:30  Drone x2  
  66  4:33  Metabolic Boost  
  66  4:36  Drone  
  67  4:40  Drone x2  
  67  4:43  Drone  
  67  4:44  Zergling x2  
  67  4:45  Overlord  
  71  4:49  Hatchery  
  71  4:51  Overlord  
  70  4:53  Zerg Ground Armor Level 1  
  70  5:01  Drone x4  
  70  5:03  Extractor  
  70  5:04  Extractor  
  70  5:05  Lair, Extractor  
  70  5:06  Extractor  
  70  5:12  Drone  
  72  5:14  Drone, Zergling x2  
  72  5:15  Zergling x2  
  72  5:16  Zergling x2  
  72  5:19  Zerg Melee Weapons Level 1  
  75  5:22  Drone  
  75  5:23  Zergling x2  
  75  5:24  Zergling x2  
  75  5:26  Zergling x4  
  75  5:27  Zergling x2  
  81  5:32  Drone  
  81  5:33  Drone x2  
  84  5:36  Drone x2  
  84  5:37  Roach Warren  
  84  5:39  Drone x2  
  84  5:41  Baneling Nest  
  84  5:42  Zergling x4  
  88  5:45  Zergling x2  
  88  5:46  Overlord, Zergling x2  
  88  5:49  Overlord  
  89  5:50  Overlord  
  89  5:58  Overlord  
  89  6:02  Drone  
  90  6:05  Drone  
  90  6:06  Zergling x8  
  90  6:07  Hydralisk Den, Overseer  
  90  6:08  Burrow  
  90  6:09  Zergling x2  
  90  6:10  Zergling x4  
  90  6:11  Zergling x2  
  98  6:13  Zergling x2  
  98  6:15  Zergling x2  
  98  6:17  Overlord  
  100  6:20  Drone  
  100  6:24  Drone x2  
  103  6:29  Zergling x2  
  104  6:35  Lurker Den  
  104  6:36  Glial Reconstitution  
  104  6:37  Roach, Zergling x2  
  104  6:38  Roach x4  
  114  6:41  Roach x2  
  114  6:43  Roach x2  
  121  6:47  Roach  
  121  6:50  Zerg Missile Weapons Level 1  
  121  6:52  Roach, Baneling x4  
  124  6:55  Roach x2  
  124  6:58  Baneling x7  
  124  7:00  Roach  
  130  7:03  Overlord  
  130  7:08  Roach x2  
  133  7:09  Overlord, Roach  
  133  7:15  Overlord, Overseer  
  135  7:17  Overlord  
  135  7:22  Zerg Ground Armor Level 2  
  135  7:28  Roach x2  
  139  7:32  Roach  
  139  7:34  Roach  
  139  7:36  Roach  
  132  7:37  Roach x6  
  132  7:38  Zergling x2  
  132  7:39  Zergling x2  
  144  7:45  Roach x2  
  144  7:46  Roach x2  
  150  7:51  Baneling x3  
  150  7:52  Baneling x8  
  150  7:54  Overlord  
  150  7:56  Roach  
  149  8:01  Roach  
  149  8:02  Roach  
  149  8:03  Overlord  
  140  8:15  Roach  
  140  8:18  Roach x8  
  148  8:27  Hydralisk  
  148  8:28  Hydralisk  
  148  8:29  Hydralisk  
  148  8:32  Hatchery, Hydralisk  
  155  8:34  Hydralisk  
  157  8:44  Hydralisk  
  157  8:49  Spire  
  157  8:54  Zerg Missile Weapons Level 2  
  154  8:59  Drone  
  154  9:00  Drone  
  154  9:02  Lurker  
  155  9:03  Lurker  
  155  9:04  Hydralisk  
  155  9:08  Hydralisk x2  
  162  9:14  Zergling x2  
  162  9:15  Zergling x2  
  162  9:16  Roach x3  
  170  9:22  Overlord  
  170  9:23  Overlord  
  170  9:25  Overlord  
  170  9:29  Overlord  
  170  9:31  Overlord x2  
  170  9:44  Muscular Augments  
  170  9:45  Zerg Melee Weapons Level 2  
  164  9:47  Drone x3, Hydralisk x2  
  169  9:58  Extractor  
  168  10:00  Zergling x10  
  168  10:02  Mutalisk x3  
  179  10:08  Lurker  
  179  10:10  Zergling x4  
  179  10:12  Zergling x2  
  179  10:14  Zergling x6  
  185  10:21  Baneling  
  186  10:22  Zergling x2  
  186  10:23  Zergling x2  
  186  10:24  Extractor  
  186  10:26  Zergling x2  
  188  10:30  Zergling x6  
  188  10:31  Zergling x2  
  188  10:33  Overlord  
  188  10:34  Lurker x3  
  195  10:42  Zergling x10  
  200  10:58  Infestation Pit  
  200  11:00  Hydralisk  
  200  11:01  Overseer x2  
  199  11:07  Hydralisk  
  180  11:11  Hydralisk x3  
  180  11:12  Hatchery  
  180  11:13  Hydralisk x3  
  180  11:16  Hydralisk x2  
  180  11:17  Hydralisk  
  182  11:19  Hydralisk  
  182  11:22  Hydralisk  
  182  11:24  Hydralisk  
  184  11:27  Hydralisk  
  184  11:31  Hydralisk x2  
  185  11:36  Hydralisk x2  
  168  11:41  Hydralisk  
  168  11:42  Hydralisk  
  168  11:45  Zergling x2  
  165  11:52  Zergling x6  
  168  11:55  Hydralisk x2  
  168  11:57  Zergling x4  
  162  12:02  Hydralisk x3  
  162  12:04  Roach  
  162  12:06  Roach  
  162  12:08  Roach  
  153  12:10  Roach  
  153  12:12  Zergling x2  
  153  12:13  Lurker x2  
  155  12:15  Roach  
  154  12:22  Lurker  
  154  12:26  Roach x2  
  154  12:28  Roach  
  156  12:31  Roach x3  
  156  12:34  Hydralisk x2  
  156  12:36  Hydralisk  
  166  12:41  Hydralisk  
  166  12:42  Hydralisk  
  166  12:43  Hydralisk  
  159  12:45  Hydralisk  
  159  12:48  Hydralisk  
  144  12:52  Roach x2  
  144  12:54  Roach  
  144  12:56  Roach  
  144  12:57  Roach  
  136  13:02  Drone x4  
  138  13:11  Hive  
  138  13:12  Hydralisk  
  138  13:13  Hydralisk  
  138  13:17  Drone x2, Zergling x2  
  138  13:18  Lurker x2  
  138  13:19  Lurker  
  144  13:20  Drone  
  144  13:24  Drone  
  145  13:28  Drone x5  
  145  13:29  Drone  
  145  13:31  Lurker  
  145  13:33  Zergling x2  
  145  13:34  Zergling x2  
  154  13:38  Pathogen Glands  
  154  13:39  Drone  
  155  13:42  Lurker x3  
  155  13:43  Overseer  
  155  13:45  Zergling x2  
  155  13:48  Zergling x2  
  160  13:50  Pneumatized Carapace  
  160  13:53  Hydralisk  
  160  13:55  Hydralisk  
  162  13:57  Roach  
  165  14:05  Extractor x2  
  165  14:07  Spine Crawler  
  165  14:08  Spine Crawler, Infestor x3  
  165  14:09  Zergling x4  
  170  14:10  Zergling x4  
  170  14:13  Zergling x2  
  170  14:14  Zergling x2  
  170  14:15  Hydralisk x2  
  177  14:20  Drone  
  177  14:23  Drone, Spore Crawler  
  178  14:24  Adrenal Glands  
  178  14:28  Zerg Melee Weapons Level 3  
  178  14:30  Zergling x4  
  180  14:32  Zergling x4  
  180  14:34  Zergling x2  
  180  14:36  Zergling x4  
  180  14:37  Zergling x2  
  186  14:50  Hydralisk, Zergling x4  
  186  14:51  Hatchery  
  186  14:52  Hydralisk  
  189  14:53  Zergling x2  
  192  15:02  Zerg Ground Armor Level 3  
  192  15:06  Zergling x2  
  193  15:08  Hydralisk x2  
  193  15:09  Ravager x2  
  193  15:10  Ravager  
  200  15:19  Hydralisk  
  197  15:21  Hydralisk x2  
  197  15:23  Zergling x2  
  200  15:34  Zergling x4  
  199  15:37  Overlord  
  199  15:45  Roach  
  194  15:51  Greater Spire  
  194  15:54  Ultralisk Cavern, Zergling x4  
  194  15:56  Hydralisk x3  
  192  15:57  Hydralisk  
  192  16:02  Hydralisk  
  199  16:07  Zergling x2  
  199  16:11  Zergling x4  
  196  16:23  Hydralisk  
  156  16:26  Zergling x4  
  156  16:29  Zergling x2  
  156  16:30  Zergling x4  
  116  16:42  Zergling x2  
  116  16:43  Chitinous Plating  
  116  16:45  Ultralisk x3  
  116  16:46  Zergling x4  
  116  16:47  Zergling x14  
  134  16:48  Ultralisk  
  134  16:51  Drone  
  138  16:56  Corruptor  
  138  16:57  Lurker x3  
  143  17:03  Drone  
  143  17:05  Zerg Missile Weapons Level 3  
  144  17:11  Zergling x2  
  143  17:21  Zergling x2  
  143  17:26  Drone  
  143  17:28  Spore Crawler, Corruptor x3  
  143  17:29  Spine Crawler  
  148  17:30  Corruptor, Spine Crawler  
  145  17:41  Corruptor x2, Brood Lord  
  142  17:55  Hydralisk x2  
  142  17:57  Baneling x2  
  142  17:58  Baneling  
  146  18:02  Corruptor x2  
  146  18:03  Brood Lord  
  146  18:04  Brood Lord x2  
  153  18:11  Drone  
  150  18:13  Extractor x2  
  150  18:16  Brood Lord x2  
  150  18:17  Brood Lord  
  154  18:21  Zergling x6  
  154  18:22  Hatchery  
  157  18:27  Zergling x4  
  155  18:35  Zergling x4  
  155  18:37  Infestor x2  
  161  18:43  Zergling x2  
  161  18:46  Corruptor, Zergling x2  
  165  18:49  Zerg Flyer Weapons Level 1  
  165  18:50  Zergling x2  
  165  18:52  Hydralisk  
  165  18:53  Overseer  
  168  18:56  Zergling x4  
  168  18:58  Zergling x2  
  168  18:59  Zergling x4  
  168  19:00  Zergling x4  
  168  19:01  Zergling x2  
  176  19:03  Spore Crawler  
  176  19:05  Zergling x4  
  176  19:07  Zergling x2  
  176  19:08  Zergling x2  
  176  19:09  Zergling x4  
  181  19:12  Zergling x4  
  181  19:14  Viper  
  186  19:19  Zergling x4  
  188  19:28  Brood Lord x2  
  188  19:29  Brood Lord  
  194  19:32  Zergling x4  
  194  19:33  Zergling x4  
  194  19:36  Zergling x4  
  194  19:46  Zergling x2  
  194  19:47  Zergling x6  
  194  19:49  Zergling x2  
  196  19:52  Zergling x2  
  192  20:00  Lurker x3  
  192  20:01  Lurker x2, Spine Crawler x2  
  192  20:02  Spine Crawler  
  192  20:05  Zergling x2  
  195  20:07  Zergling x2  
  195  20:11  Baneling x10  
  194  20:19  Zergling x4  
  194  20:20  Overseer x3  
  195  20:23  Hydralisk x2  
  199  20:35  Ultralisk  
  198  20:39  Hydralisk  
  194  20:51  Hydralisk x3  
  194  20:52  Hydralisk  
  194  20:56  Hydralisk  
  192  20:58  Zergling x2  
  192  20:59  Hydralisk x2  
  192  21:00  Zergling x4  
  192  21:01  Zergling x4  
  192  21:02  Zergling x4  
  192  21:03  Zergling x2  
  189  21:04  Zergling x4  
  189  21:06  Zergling x8  

Tags
 
Add a new tag
Caveats
  • Supply blocks, unpowered buildings, or Contaminate may cause inaccurate times.
  • Supply counts are checked every 10 seconds.